 Dungeon Crawl Stone Soup version 0.29-a0-887-gcbe080d7e0 (webtiles) character file.

Game seed: 3269476115591190031

12574 Aurophilus the Eclecticist (level 11, -1/54 HPs)
             Began as a Deep Elf Summoner on July 21, 2022.
             Was an Elder of Sif Muna.
             Killed from afar by Fannar (28 damage)
             ... with a bolt of cold
             ... on level 11 of the Dungeon.
             The game lasted 01:24:04 (10952 turns).

Aurophilus the Eclecticist (Deep Elf Summoner)     Turns: 10952, Time: 01:24:07

Health: -1/54      AC:  7    Str: 10    XL:     11   Next: 64%
Magic:  28/33      EV: 13    Int: 31    God:    Sif Muna [****..]
Gold:   505        SH:  0    Dex: 21    Spells: 29/42 levels left

rFire   + + .      SeeInvis +   m - +9 mace of Tuluhif {spect, rF+ Dex+3 SInv}
rCold   . . .      Faith    .   (no shield)
rNeg    + + +      Spirit   .   a - +1 robe
rPois   .          Reflect  .   p - +0 helmet
rElec   .          Harm     .   t - scarf {repulsion}
rCorr   .          Rampage  .   K - +2 pair of gloves {Dex+3}
Will    .....                   (no boots)
Stlth   +++.......              h - amulet of New Discoveries {RegenMP rF+ rN+++ Will- Str+5}
HPRegen 0.18/turn               F - +6 ring of intelligence
MPRegen 0.63/turn               I - ring of flight

@: flying, repel missiles
A: screaming 1
a: Renounce Religion, Channel Magic, Forget Spell, Divine Exegesis


You were on level 11 of the Dungeon.
You worshipped Sif Muna.
Sif Muna was greatly pleased with you.
You visited 1 branch of the dungeon, and saw 11 of its levels.
You also visited: Ossuary.

You collected 505 gold pieces.

Inventory:

Hand Weapons
 m - the +9 mace of Tuluhif (weapon) {spect, rF+ Dex+3 SInv}
   (You found it on level 4 of the Dungeon)

   When its wielder attacks, the weapon's spirit leaps out and strikes again.
   The spirit shares a part of any damage it takes with its wielder.
   Dex:       It affects your dexterity (+3).
   rF:        It protects you from fire.
   SInv:      It lets you see invisible.
 C - a +0 short sword
Missiles
 k - a throwing net
Armour
 a - a +1 robe (worn)
 i - the -2 cloak of the Learner {rElec Slay+2}
   (You found it on level 9 of the Dungeon)

   Slay:      It affects your accuracy & damage with ranged weapons and melee
   (+2).
   rElec:     It insulates you from electricity.
 p - a +0 helmet (worn)
 q - a +0 troll leather armour
 t - a scarf of repulsion (worn)
 K - a +2 pair of gloves of dexterity (worn)
Magical Staves
 d - a staff of fire
 H - a staff of earth
Jewellery
 c - an amulet of the acrobat
 h - the amulet of New Discoveries (around neck) {RegenMP rF+ rN+++ Will- Str+5}
   (You found it on level 2 of the Dungeon)

   [amulet of magic regeneration]

   It increases your rate of magic regeneration.
   Str:       It affects your strength (+5).
   rF:        It protects you from fire.
   rN:        It renders you almost immune to negative energy.
   Will:      It decreases your willpower.
 B - an amulet of faith
 E - an amulet of magic regeneration
 F - a +6 ring of intelligence (left hand)
 G - a ring of fire
 I - a ring of flight (right hand)
Wands
 y - a wand of mindburst (10)
 D - a wand of paralysis (4)
Scrolls
 f - 3 scrolls of teleportation
 l - a scroll of brand weapon
 o - 2 scrolls of identify
 r - 3 scrolls of magic mapping
 s - 2 scrolls of poison
 u - 2 scrolls of amnesia
 x - a scroll of silence
 J - a scroll of enchant weapon {unknown}
Potions
 b - 4 potions of magic
 e - 3 potions of lignification
 g - 2 potions of brilliance
 j - a potion of flight
 n - a potion of resistance
 v - 2 potions of might
 w - a potion of heal wounds
 z - 2 potions of cancellation
 A - 2 potions of attraction


   Skills:
 + Level 2.8 Dodging
 + Level 3.2 Stealth
 * Level 16.1 Spellcasting
 - Level 4.2 Hexes
 * Level 13.8 Summonings
 - Level 4.5 Air Magic
 * Level 3.5 Invocations


You had 29 spell levels left.
You knew the following spells:

 Your Spells              Type           Power      Damage    Failure   Level
a - Summon Small Mammal   Summ           100%       N/A       0%          1
b - Call Imp              Summ           84%        N/A       0%          2
c - Summon Guardian Gole  Hex/Summ       69%        N/A       1%          3
d - Call Canine Familiar  Summ           84%        N/A       1%          3
e - Summon Lightning Spi  Summ/Air       70%        N/A       1%          4

Your spell library contained the following spells:

 Spells                   Type           Power      Damage    Failure   Level
 Shock                    Conj/Air       100%       1d9       1%          1
 Ensorcelled Hibernation  Hex/Ice        76%        N/A       1%          2
 Swiftness                Air            52%        N/A       1%          3
 Mephitic Cloud           Conj/Pois/Air  34%        N/A       2%          3
 Airstrike                Air            26%        0-9+      2%          4
 Frozen Ramparts          Ice            50%        1d7       5%          3
 Gell's Gravitas          Tloc           25%        N/A       5%          3
 Ignite Poison            Fire/Tmut/Pois 25%        N/A       5%          3
 Teleport Other           Tloc           25%        N/A       5%          3
 Silence                  Hex/Air        25%        N/A       8%          5
 Dispel Undead            Necr           25%        3d12      17%         4
 Hailstorm                Conj/Ice       25%        3d7       17%         4
 Ice Form                 Ice/Tmut       25%        N/A       17%         4
 Olgreb's Toxic Radiance  Pois           25%        N/A       17%         4
 Freezing Cloud           Conj/Ice/Air   17%        6-21      26%         5
 Borgnjor's Vile Clutch   Necr/Erth      12%        N/A       43%         5
 Dispersal                Tloc           12%        N/A       95%         6
 Simulacrum               Ice/Necr       12%        N/A       95%         6
 Ozocubu's Refrigeration  Ice            12%        4d7       100%        7
 Borgnjor's Revivificati  Necr           12%        N/A       100%        8
 Disjunction              Tloc           12%        N/A       100%        8
 Ignition                 Fire           12%        3d6       100%        8


Dungeon Overview and Level Annotations

Branches:
Dungeon (11/15)            Temple (0/1) D:4            Lair (0/5) D:8
    Orc (0/2) D:9         Ossuary (visited)

Altars:
Cheibriados
Fedhas
Nemelex Xobeh
Sif Muna
Uskayaw
Vehumet
Wu Jian

Shops:
D:5 (   D:8 ?   D:10 :

Annotations:
D:11 Fannar


Innate Abilities, Weirdness & Mutations

You occasionally shout uncontrollably at your foes.


Message History

You start putting on your armour.
You continue putting on your +2 pair of gloves of dexterity. x5
You finish putting on your +2 pair of gloves of dexterity.
You feel agile.
You drop a +0 pair of gloves.
You swap places.
Your crimson imp blinks!
Found an escape hatch in the ceiling.
Found a stone staircase leading down.
Found a stone staircase leading up.
There is a stone staircase leading down here.
x - a scroll of silence You yell at Fannar!
Fannar the Cold-Hearted comes into view.
They are wielding a staff of cold and wearing a +2 robe of cold resistance.
Fannar shouts!
Casting: Summon Small Mammal (safe; 0% risk of failure)
Confirm with . or Enter, or press ? or * to list all spells.
A guardian golem appears, shielding your allies.
Fannar casts a spell.
Casting: Summon Guardian Golem (safe; 1% risk of failure)
Confirm with . or Enter, or press ? or * to list all spells.
An electric hum fills the air.
Fannar murmurs some mystic words to themself.
Fannar attacks as you move away! Fannar hits you with a staff of cold.
Fannar freezes you. Fannar casts a spell at you. The bolt of cold hits you!!
Something hits your guardian golem! Something freezes your guardian golem.
Casting: Summon Lightning Spire (safe; 1% risk of failure)
Confirm with . or Enter, or press ? or * to list all spells.
Fannar hits your lightning spire with a staff of cold.
Fannar freezes your lightning spire.
Something barely misses your guardian golem.
Something hits your guardian golem but does no damage.
Fannar gestures at you while chanting.
The bolt of cold hits your lightning spire.
Your lightning spire resists.
The bolt of cold hits you!!
Ouch! That really hurt!
You die...

#....................#...#
..
#....................#...#
.
#.....##################.#
#......................#..
#......................#..
#..................9...#..
#######......####he#...#
#......#...8.#.Y.#
#......#..@..#...#
#......#.....#...#
#......#.....#...#
#......#.....#...#
##################


You could see Fannar (ally target), a friendly guardian golem (summoned), a
friendly warg (summoned, sheltered) and a friendly lightning spire (summoned,
sheltered).

Vanquished Creatures
  A rat (D:3)
1 creature vanquished.

Vanquished Creatures (collateral kills)
  2 two-headed ogres
  A hydra (D:11)
  A skeletal warrior (D:11)
  A deep elf pyromancer (D:11)
  Joseph (D:9)
  Maurice (D:8)
  An efreet (D:11)
  Maggie (D:6)
  3 trolls (D:10)
  Prince Ribbit (D:7)
  A shadow (D:10)
  3 wyverns
  5 humans (D:10)
  Grum (D:8)
  7 yaks
  2 vampire mosquitoes (D:9)
  Duvessa (D:6)
  An acid dragon (D:8)
  2 orc warriors
  2 ice beasts
  A sky beast (D:6)
  3 black bears
  2 wolves (D:8)
  3 kobold brigands
  4 bullfrogs
  2 gnoll sergeants (D:8)
  8 scorpions
  A necrophage (D:6)
  6 killer bees
  4 howler monkeys
  2 hounds
  An orc priest (D:6)
  A gnoll bouda (D:4)
  3 orc wizards
  An iguana (D:5)
  A mummy (D:8)
  11 gnolls
  2 adders
  2 shadow imps (D:7)
  A white imp (D:7)
  An adder zombie (Ossuary)
  A worm (D:2)
  2 dart slugs
  16 orcs
  3 endoplasms
  3 giant cockroaches
  5 goblins
  10 hobgoblins
  3 jackals
  14 kobolds
  3 quokkas
  9 ball pythons
  3 bats
  2 frilled lizards (D:1)
  2 goblin zombies (Ossuary)
  8 hobgoblin zombies (Ossuary)
  8 kobold zombies (Ossuary)
  6 orc zombies (Ossuary)
  7 rats
203 creatures vanquished.

Vanquished Creatures (others)
  2 two-headed ogres (D:10)
  A human (D:10)
  A wyvern (D:9)
  An orc warrior (D:7)
  An ogre (D:6)
  A centaur (D:8)
  An elf zombie (Ossuary)
  A bullfrog (D:8)
  Dowan (D:6)
  3 killer bees (D:7)
  A centaur zombie (Ossuary)
  2 mummies (Ossuary)
  A gnoll (D:8)
  An adder zombie (Ossuary)
  A goblin zombie (Ossuary)
  2 hobgoblin zombies (Ossuary)
  A jackal zombie (Ossuary)
  2 kobolds (D:9)
  4 kobold zombies (Ossuary)
  An orc zombie (Ossuary)
29 creatures vanquished.

Grand Total: 233 creatures vanquished

Notes
Turn   | Place    | Note
-------+----------+-------------------------------------------
     0 | D:1      | Aurophilus the Deep Elf Summoner began the quest for the
                  | Orb.
     0 | D:1      | Reached XP level 1. HP: 10/10 MP: 6/6
   348 | D:1      | Reached XP level 2. HP: 15/15 MP: 6/8
   354 | D:1      | Learned a level 2 spell: Call Imp
   489 | D:1      | Found a faded altar of an unknown god.
  1369 | D:2      | Reached skill level 5 in Summonings
  1456 | D:2      | Identified the amulet of New Discoveries {RegenMP rF+ rN+++
                  | Will- Str+5}
  1607 | D:2      | Reached XP level 3. HP: 19/19 MP: 10/10
  1931 | D:2      | Learned a level 3 spell: Summon Guardian Golem
  1931 | D:2      | Gained mutation: Your spells are a little harder to cast,
                  | but a little more powerful. [potion of mutation]
  1931 | D:2      | Gained mutation: You expend magic power (3 MP) to
                  | strengthen your wands. [potion of mutation]
  1931 | D:2      | Gained mutation: You are clumsy. (Dex -2) [potion of
                  | mutation]
  1931 | D:2      | Gained mutation: You have an increased reservoir of magic.
                  | (+10% MP) [potion of mutation]
  1952 | D:3      | Reached skill level 4 in Spellcasting
  2018 | D:3      | Lost mutation: You expend magic power (3 MP) to strengthen
                  | your wands. [potion of mutation]
  2018 | D:3      | Lost mutation: You have an increased reservoir of magic.
                  | (+10% MP) [potion of mutation]
  2018 | D:3      | Gained mutation: You sometimes lose your temper in combat.
                  | [potion of mutation]
  2018 | D:3      | Gained mutation: Your natural rate of healing is unusually
                  | fast. [potion of mutation]
  2072 | D:3      | Found a shimmering blue altar of Sif Muna.
  2090 | D:3      | Became a worshipper of Sif Muna the Loreminder
  2524 | D:3      | Reached XP level 4. HP: 24/24 MP: 12/12
  2641 | D:3      | Learned a level 3 spell: Call Canine Familiar
  2641 | D:3      | Lost mutation: Your natural rate of healing is unusually
                  | fast. [potion of mutation]
  2641 | D:3      | Lost mutation: Your spells are a little harder to cast, but
                  | a little more powerful. [potion of mutation]
  2641 | D:3      | Lost mutation: You are clumsy. (Dex -2) [potion of
                  | mutation]
  2641 | D:3      | Lost mutation: You sometimes lose your temper in combat.
                  | [potion of mutation]
  2641 | D:3      | Gained mutation: You are clumsy. (Dex -2) [potion of
                  | mutation]
  2641 | D:3      | Gained mutation: You are partially covered in iridescent
                  | scales. (AC +2) [potion of mutation]
  2762 | D:4      | Reached skill level 5 in Spellcasting
  3008 | D:4      | Identified the +9 mace of Tuluhif {spect, rF+ Dex+3 SInv}
  3077 | D:4      | Found a blossoming altar of Fedhas.
  3123 | D:4      | Noticed a scorpion
  3129 | D:4      | Killed a scorpion
  3130 | D:4      | Reached XP level 5. HP: 28/28 MP: 9/15
  3162 | D:4      | Reached skill level 6 in Spellcasting
  3162 | D:4      | Reached skill level 1 in Hexes
  3373 | D:4      | Found a staircase to the Ecumenical Temple.
  3375 | D:4      | Noticed an ice beast
  3398 | D:4      | Killed an ice beast
  3399 | D:4      | Reached XP level 6. HP: 32/32 MP: 15/17
  3628 | D:4      | Got the Guidebook on the Dead
  3799 | D:5      | Entered Level 5 of the Dungeon
  3839 | D:5      | Found Seblera's Antique Weapon Shop.
  3911 | D:5      | Reached skill level 7 in Spellcasting
  3911 | D:5      | Reached XP level 7. HP: 36/36 MP: 14/19
  4179 | D:5      | Found an ornate altar of the Wu Jian Council.
  4368 | D:6      | Reached skill level 8 in Spellcasting
  4515 | D:6      | Reached XP level 8. HP: 41/41 MP: 20/22
  4523 | D:6      | Learned a level 4 spell: Summon Lightning Spire
  4659 | D:6      | Reached * piety under Sif Muna
  4660 | D:6      | Reached skill level 9 in Spellcasting
  4813 | D:6      | Noticed Maggie
  4833 | D:6      | Killed Maggie
  4854 | D:6      | Noticed Duvessa
  4854 | D:6      | Noticed Dowan
  4874 | D:6      | Killed Duvessa
  4875 | D:6      | Reached skill level 10 in Spellcasting
  4882 | D:6      | Killed Dowan
  5053 | D:6      | You fall into a shaft and drop 1 floor!
  5165 | D:7      | Reached skill level 1 in Air Magic
  5165 | D:7      | Reached XP level 9. HP: 45/45 MP: 22/25
  5209 | D:7      | Noticed Prince Ribbit
  5216 | D:7      | Reached skill level 11 in Spellcasting
  5237 | D:7      | HP: 2/45 [poisoned by a killer bee]
  5260 | D:7      | Killed Prince Ribbit
  5712 | D:7      | Reached skill level 10 in Summonings
  5718 | D:7      | Lost mutation: You are partially covered in iridescent
                  | scales. (AC +2) [potion of mutation]
  5718 | D:7      | Lost mutation: You are clumsy. (Dex -2) [potion of
                  | mutation]
  5718 | D:7      | Gained mutation: You have sharp fingernails. [potion of
                  | mutation]
  5718 | D:7      | Gained mutation: Your magical capacity is low. (-10% MP)
                  | [potion of mutation]
  5718 | D:7      | Gained mutation: You are resistant to electric shocks.
                  | (rElec) [potion of mutation]
  6724 | D:8      | Found Jyloehaff's Magic Scroll Shoppe.
  6778 | D:8      | Found a sand-covered staircase.
  6790 | Ossuary  | Entered an ossuary
  6843 | Ossuary  | Reached ** piety under Sif Muna
  6948 | Ossuary  | Reached skill level 12 in Spellcasting
  7086 | D:8      | Noticed Maurice
  7096 | D:8      | Killed Maurice
  7163 | D:8      | Noticed Grum
  7170 | D:8      | Killed Grum
  7173 | D:8      | Reached *** piety under Sif Muna
  7243 | D:8      | Reached XP level 10. HP: 33/50 MP: 23/26
  7349 | D:8      | Found a staircase to the Lair.
  7383 | D:8      | Reached skill level 13 in Spellcasting
  7865 | D:8      | Lost mutation: You have sharp fingernails. [potion of
                  | mutation]
  7865 | D:8      | Lost mutation: You are resistant to electric shocks.
                  | (rElec) [potion of mutation]
  7865 | D:8      | Lost mutation: Your magical capacity is low. (-10% MP)
                  | [potion of mutation]
  7865 | D:8      | Gained mutation: Potions are less effective at restoring
                  | your health. [potion of mutation]
  7866 | D:8      | Lost mutation: Potions are less effective at restoring your
                  | health. [potion of mutation]
  7866 | D:8      | Gained mutation: You occasionally shout uncontrollably at
                  | your foes. [potion of mutation]
  7931 | D:9      | Identified the -2 cloak of the Learner {rElec Slay+2}
  7999 | D:9      | Found a radiant altar of Vehumet.
  8000 | D:9      | Noticed Joseph
  8015 | D:9      | Killed Joseph
  8102 | D:9      | Reached skill level 14 in Spellcasting
  8201 | D:9      | Reached skill level 1 in Invocations
  8418 | D:9      | Got the Opusculum on Algid Interference
  8615 | D:9      | Found a staircase to the Orcish Mines.
  8661 | D:9      | Found a sparkling altar of Nemelex Xobeh.
  8923 | D:9      | Noticed a two-headed ogre
  8929 | D:9      | Killed a two-headed ogre
  9163 | D:10     | Entered Level 10 of the Dungeon
  9163 | D:10     | Found Ythriuf's Book Shoppe.
  9212 | D:10     | Reached **** piety under Sif Muna
  9253 | D:10     | Noticed a two-headed ogre
  9287 | D:10     | Killed a two-headed ogre
  9288 | D:10     | Reached XP level 11. HP: 47/54 MP: 24/31
  9293 | D:10     | Reached skill level 15 in Spellcasting
  9598 | D:10     | Found a hide-covered altar of Uskayaw.
  9601 | D:10     | Found a snail-covered altar of Cheibriados.
  9641 | D:10     | HP: 2/54 [orc warrior/+0 scimitar (7)]
  9709 | D:10     | Noticed a two-headed ogre
  9718 | D:10     | Killed a two-headed ogre
 10477 | D:11     | Noticed a two-headed ogre
 10482 | D:11     | Killed a two-headed ogre
 10548 | D:11     | Noticed a skeletal warrior
 10560 | D:11     | Killed a skeletal warrior
 10569 | D:11     | Noticed a deep elf pyromancer
 10580 | D:11     | Killed a deep elf pyromancer
 10636 | D:11     | Noticed a six-headed hydra
 10642 | D:11     | Killed a six-headed hydra
 10643 | D:11     | Reached skill level 16 in Spellcasting
 10944 | D:11     | Noticed Fannar
 10952 | D:11     | Killed from afar by Fannar

Illustrated notes

Levels and vault maps discovered:
D:1:      minmay_arrival_solitary_statue, layout_basic,
          nicolae_ecumenical_lake_church
D:2:      layout_loops_ring, minmay_quantized
D:3:      layout_loops_ring, nicolae_overflow_crystal_walls
D:4:      layout_loops_cross, fedhas_altar_2, minmay_temple_entry_antechambers
D:5:      layout_cave_pools, nzn_wu_jian_council_hall, serial_shops,
          nicolae_shop_temple_entry_statues_fountains
D:6:      layout_loops_corners, uniq_sigmund, uniq_maggie, uniq_duvessa
D:7:      layout_basic, sigmund_army, uniq_prince_ribbit1
D:8:      layout_rooms, lair_entry_dummy, serial_shops,
          nicolae_shop_competitors_out_of_business, gup_ossuary_entry_pyramid,
          uniq_grum, uniq_maurice
D:9:      layout_basic, nemelex_altar_shiori, nicolae_vehumet_altar_sigil,
          uniq_joseph
D:10:     layout_basic, jmf_multi_god_temple, serial_shops, nicolae_shop_stone,
          minmay_ruffians
D:11:     layout_grid_maze, minmay_misc_feat_four_crosses, moated_statue,
          minmay_diamond_spiral, uniq_fannar

Skill      XL: |  1  2  3  4  5  6  7  8  9 10 11 |
---------------+----------------------------------+-----
Summonings     | 5 6 7 8 9 11 12 13 | 13.8
Spellcasting   | 4 5 6 7 8 10 12 14 16 | 16.1
Hexes          | 1 2 3 4 |  4.2
Air Magic      | 1 3 4 |  4.5
Stealth        | 3 |  3.2
Invocations    | 2 3 |  3.5
Dodging        | |  2.8

Action                   |  1- 3 |  4- 6 |  7- 9 | 10-12 || total
-------------------------+-------+-------+-------+-------++-------
Melee: Staff             |     2 |       |       |       ||     2
       Mace              |       |       |     1 |       ||     1
 Cast: Summon Small Mamm |    61 |    23 |    63 |    14 ||   161
       Call Imp          |    16 |    12 |    24 |    12 ||    64
       Call Canine Famil |       |     9 |    24 |    16 ||    49
       Summon Guardian G |       |     5 |    38 |    25 ||    68
       Summon Lightning  |       |       |    23 |    35 ||    58
  Use: Scroll            |     5 |     5 |     5 |     3 ||    18
       Potion            |     3 |     3 |     2 |     7 ||    15
Armor: Robe              |     7 |     1 |     3 |     2 ||    13
Dodge: Dodged            |    23 |    10 |    25 |    21 ||    79
       Repelled          |       |       |       |     1 ||     1

Table legend: (Time is in decaauts)
 A = Elapsed time spent in this place.
 B = Non-inter-level travel time spent in this place.
 C = Inter-level travel time spent in this place.
 D = Time resting spent in this place.
 E = Time spent auto-exploring this place.
 F = Levels seen in this place.
 G = Mean time per level.
                   A        B        C        D        E       F      G
               +--------+--------+--------+--------+--------+-----+--------+
         Total |  10943 |  10663 |    280 |   1086 |   6768 |  12 |  911.9 |
       Dungeon |  10672 |  10392 |    280 |   1086 |   6768 |  11 |  970.2 |
       Ossuary |    271 |    271 |      0 |      0 |      0 |   1 |  271.0 |
               +--------+--------+--------+--------+--------+-----+--------+

Top non-repeatable levels by time:
     D:7: 1649 daAuts
     D:9: 1301 daAuts
    D:10: 1292 daAuts
     D:4: 1155 daAuts
     D:1: 1039 daAuts
     D:8: 895 daAuts
     D:2: 893 daAuts
     D:6: 710 daAuts
     D:3: 710 daAuts
     D:5: 542 daAuts
    D:11: 480 daAuts
 Ossuary: 271 daAuts
